 Dungeon Crawl Stone Soup version 0.27-a0-1325-g58a489ad9e (webtiles) character file.

Game seed: 859803246001782824

98 ubername the Chiller (level 4, -4/32 HPs)
             Began as a Barachi Ice Elementalist on June 24, 2021.
             Was a Believer of Lugonu.
             Slain by an ice beast (10 damage)
             ... on level 3 of the Dungeon.
             The game lasted 00:08:17 (3792 turns).

ubername the Chiller (Barachi Ice Elementalist)     Turns: 3792, Time: 00:08:18

Health: -4/32      AC:  2    Str: 10    XL:     4   Next: 71%
Magic:  3/8        EV: 12    Int: 15    God:    Lugonu [**....]
Gold:   136        SH:  0    Dex: 13    Spells: 5/9 levels left

rFire    . . .     SeeInvis .   n - +1 short sword (speed)
rCold    . . .     Faith    .   (no shield)
rNeg     . . .     Spirit   .   a - +0 robe
rPois    .         Reflect  .   (no helmet)
rElec    .         Harm     .   (no cloak)
rCorr    .         Rampage  .   (no gloves)
Will     .....                  (no boots)
Stlth    ++........             (no amulet)
HPRegen  0.10/turn              (no ring)
MPRegen  0.11/turn              (no ring)

@: slow
A: amphibious, slowness 1, strong legs 1, +LOS
a: Hop, Renounce Religion, Depart the Abyss, Bend Space


You were on level 3 of the Dungeon.
You worshipped Lugonu.
Lugonu was pleased with you.
You visited 1 branch of the dungeon, and saw 3 of its levels.

You collected 136 gold pieces.

Inventory:

Hand Weapons
 b - a +0 dagger
 n - a +1 short sword of speed (weapon)
Missiles
 e - a throwing net
 h - 47 stones
 i - 33 poisoned darts (quivered)
 m - 8 boomerangs of dispersal
 o - 5 boomerangs
Armour
 a - a +0 robe (worn)
Jewellery
 k - a +4 ring of evasion
 l - a ring of poison resistance
Wands
 p - a wand of flame (17)
Scrolls
 f - a scroll of teleportation
 q - a scroll of identify {unknown}
Potions
 c - a potion of curing {unknown}
 g - a potion of berserk rage {unknown}
 j - a potion of heal wounds {unknown}


   Skills:
 + Level 1.0 Fighting
 + Level 0.6 Throwing
 + Level 2.4 Dodging
 + Level 1.9 Stealth
 + Level 3.2 Spellcasting
 + Level 6.1 Ice Magic


You had 5 spell levels left.
You knew the following spells:

 Your Spells              Type           Power      Damage    Failure   Level
a - Freeze                Ice            80%        1d9       1%          1
b - Frozen Ramparts       Ice            40%        1d6       4%          3

Your spell library contained the following spells:

 Spells                   Type           Power      Damage    Failure   Level
 Ozocubu's Armour         Ice            20%        N/A       4%          3
 Animate Skeleton         Necr           4%         N/A       21%         1
 Apportation              Tloc           4%         N/A       21%         1
 Corona                   Hex            2%         N/A       21%         1
 Magic Dart               Conj           8%         1d3       21%         1
 Sandblast                Erth           4%         2d4       21%         1
 Summon Small Mammal      Summ           8%         N/A       21%         1
 Blink                    Tloc           N/A        N/A       30%         2
 Call Imp                 Summ           2%         N/A       30%         2
 Passwall                 Tmut/Erth      1%         N/A       30%         2
 Slow                     Hex            2%         N/A       30%         2
 Static Discharge         Conj/Air       2%         N/A       30%         2
 Hailstorm                Conj/Ice       11%        3d5       50%         4
 Confusing Touch          Hex            2%         N/A       52%         3
 Conjure Flame            Conj/Fire      2%         6-21      52%         3
 Mephitic Cloud           Conj/Pois/Air  2%         N/A       52%         3
 Stone Arrow              Conj/Erth      4%         3d7       52%         3
 Metabolic Englaciation   Hex/Ice        5%         N/A       83%         5
 Fulminant Prism          Conj/Hex       1%         3d6       89%         4
 Petrify                  Tmut/Erth      2%         N/A       89%         4
 Sticky Flame             Conj/Fire      2%         2d3       89%         4
 Lee's Rapid Deconstruct  Erth           1%         3d5*      99%         5
 Iron Shot                Conj/Erth      1%         9d1       100%        6
 Starburst                Conj/Fire      1%         8x6d3     100%        6
 Discord                  Hex            1%         N/A       100%        8


Dungeon Overview and Level Annotations

Branches:
Dungeon (3/15)

Altars:
Lugonu


Innate Abilities, Weirdness & Mutations

You are amphibious.
You cover ground slowly.
You can hop short distances.
You have an extended range of vision and can be seen from far away.


Message History

An ice beast comes into view.
Casting: Freeze (safe; 1% risk of failure)
Confirm with . or Enter, or press ? or * to list all spells.
Casting: Frozen Ramparts (dangerous; 4% risk of failure)
Press: ? - help, Dir - look around, f - activate You miscast Frozen Ramparts.
You are very lightly contaminated with residual magic.
Nothing appears to happen.
Casting: Frozen Ramparts (dangerous; 4% risk of failure)
Confirm with . or Enter, or press ? or * to list all spells.
Casting: Frozen Ramparts (dangerous; 4% risk of failure)
Press: ? - help, Dir - look around, f - activate The walls around you are covered in ice.
The wall freezes the goblin.
You kill the goblin!
Lugonu accepts your kill.
The ice beast completely resists.
The wall freezes the ice beast but does no damage.
This spell is dangerous to cast!
Memorise Ozocubu's Armour, consuming 3 spell levels and leaving 2?
The ice beast completely resists.
The wall freezes the ice beast but does no damage.
You start memorising the spell.
You continue memorising.
The ice beast completely resists.
The wall freezes the ice beast but does no damage.
The ice beast closely misses you.
Your magical contamination has completely faded away.
You continue memorising.
The frozen ramparts melt away.
The ice beast hits you.
Your memorisation is interrupted.
The ice beast freezes you!
You hit the ice beast but do no damage.
As you read the scroll labelled QEABLA ARELU, it crumbles to dust.
It is a scroll of enchant weapon.
Your +0 short sword of speed glows red for a moment.
The ice beast hits you. The ice beast freezes you!
You closely miss the ice beast. The ice beast barely misses you.
You hit the ice beast but do no damage. The ice beast hits you.
* * * LOW HITPOINT WARNING * * *
The ice beast freezes you!
You die...

................#
................#
................####
................)..##
....................####
#..............#.......#
##.....#......##.#.....#
#########.#####.##....#
.... #@##....# ...
#Y##....# #. #.##....#
#.)###### ... ..?. ....
...... ......


You could see an ice beast.

Vanquished Creatures
  3 adders
  2 worms
  2 dart slugs
  2 ball pythons (D:2)
  4 bats
  9 endoplasms
  4 giant cockroaches
  4 hobgoblins
  4 kobolds
  4 quokkas (D:3)
  8 goblins
  8 rats
54 creatures vanquished.

Notes
Turn   | Place    | Note
-------+----------+-------------------------------------------
     0 | D:1      | ubername the Barachi Ice Elementalist began the quest for
                  | the Orb.
     0 | D:1      | Reached XP level 1. HP: 13/13 MP: 3/3
   115 | D:1      | Reached skill level 5 in Ice Magic
   318 | D:1      | Identified a scroll of acquirement
   318 | D:1      | Acquired ubername's Handbook of Malediction and
                  | Confrontation
   467 | D:1      | Reached XP level 2. HP: 19/19 MP: 3/5
  1124 | D:1      | You fall into a shaft and drop 1 floor!
  1445 | D:1      | Found a faded altar of an unknown god.
  1460 | D:1      | Became a worshipper of Lugonu the Unformed
  1460 | D:1      | Reached * piety under Lugonu
  1460 | D:1      | Reached ** piety under Lugonu
  1558 | D:2      | Reached XP level 3. HP: 24/24 MP: 7/7
  2188 | D:2      | Learned a level 3 spell: Frozen Ramparts
  2945 | D:2      | Reached XP level 4. HP: 30/30 MP: 4/8
  3380 | D:3      | Reached skill level 6 in Ice Magic
  3399 | D:3      | Reached skill level 1 in Fighting
  3779 | D:3      | Noticed an ice beast
  3792 | D:3      | Slain by an ice beast

Illustrated notes

Levels and vault maps discovered:
D:1:      dpeg_arrival_central, layout_basic,
          hellmonk_ecumenical_altar_inner_sanctum, columned_hall_lemuel,
          minmay_pentomino_q2
D:2:      layout_basic, eino_tiny_chamber
D:3:      layout_rooms, okawaru_gym_becter

Skill      XL: |  1  2  3  4 |
---------------+-------------+-----
Ice Magic      | 5 6 |  6.1
Spellcasting   | 3 |  3.2
Fighting       | 1 |  1.0
Throwing       | |  0.6
Dodging        | |  2.4
Stealth        | |  1.9

Action                   |  1- 3 |  4- 6 || total
-------------------------+-------+-------++-------
Melee: Dagger            |    14 |       ||    14
       Short sword       |     6 |     9 ||    15
Throw: Dart              |     7 |       ||     7
       Stone             |     1 |       ||     1
 Cast: Freeze            |    42 |     1 ||    43
       Frozen Ramparts   |     5 |    10 ||    15
  Use: Scroll            |     2 |     2 ||     4
 Stab: Sleeping          |     1 |       ||     1
Armor: Robe              |    14 |     2 ||    16
Dodge: Dodged            |    22 |     7 ||    29

Table legend: (Time is in decaauts)
 A = Elapsed time spent in this place.
 B = Non-inter-level travel time spent in this place.
 C = Inter-level travel time spent in this place.
 D = Time resting spent in this place.
 E = Time spent auto-exploring this place.
 F = Levels seen in this place.
 G = Mean time per level.
                   A        B        C        D        E       F      G
               +--------+--------+--------+--------+--------+-----+--------+
         Total |   4187 |   4112 |     75 |    966 |   2523 |   3 | 1395.7 |
       Dungeon |   4187 |   4112 |     75 |    966 |   2523 |   3 | 1395.7 |
               +--------+--------+--------+--------+--------+-----+--------+

Top non-repeatable levels by time:
     D:2: 1927 daAuts
     D:1: 1497 daAuts
     D:3: 762 daAuts
